 Dungeon Crawl Stone Soup version 0.22-a0-166-g5351223 (webtiles) character file.

34 MatthieuS the Shooter (level 3, 0/30 HPs)
             Began as a Minotaur Hunter on Feb 13, 2018.
             Slain by a worm (10 damage)
             ... on level 2 of the Dungeon.
             The game lasted 00:02:16 (693 turns).

MatthieuS the Shooter (Minotaur Hunter)              Turns: 693, Time: 00:02:16

Health: 0/30       AC:  3    Str: 16    XL:     3   Next: 14%
Magic:  2/2        EV: 12    Int:  8    God:
Gold:   49         SH:  0    Dex: 11    Spells: 2/2 levels left

rFire    . . .     SeeInvis .   a - +0 hand axe
rCold    . . .     Gourm    .   (no shield)
rNeg     . . .     Faith    .   c - +0 leather armour
rPois    .         Spirit   .   (helmet restricted)
rElec    .         Reflect  .   (no cloak)
rCorr    .         Harm     .   (no gloves)
MR       .....                  (no boots)
Stlth    +.........             (no amulet)
HPRegen  0.10/turn              (no ring)
MPRegen  0.08/turn              (no ring)

@: lethally poisoned (0 -> -7), hasted, very quick
A: retaliatory headbutt, horns 2
a: no special abilities


You were on level 2 of the Dungeon.
You were not hungry.

You visited 1 branch of the dungeon, and saw 2 of its levels.

You collected 49 gold pieces.

Inventory:

Hand Weapons
 a - a +0 hand axe (weapon)
 w - a +1 shortbow
Missiles
 d - 19 arrows
Armour
 c - a +0 leather armour (worn)
Scrolls
 j - 2 scrolls of identify {unknown}
 l - a scroll of teleportation {unknown}
Potions
 e - a potion of heal wounds {unknown}
 g - a potion of haste
 h - a potion of lignification {unknown}
 k - a potion of flight {unknown}
Comestibles
 f - 3 rations
 i - 4 chunks of flesh


   Skills:
 + Level 2.9 Fighting
 * Level 4.9 Bows
 + Level 1.2 Armour
 + Level 2.6 Dodging
 - Level 0.7 Stealth


You had 2 spell levels left.
You didn't know any spells.

Dungeon Overview and Level Annotations

Branches:
Dungeon (2/15)

Altars:

Annotations:
D:1 1 runed door


Innate Abilities, Weirdness & Mutations

You reflexively headbutt those who attack you in melee.
You have a pair of horns on your head.


Message History

You feel sick. The adder barely misses you.
You miss the adder.
The adder is almost dead.
You feel sick. The adder bites you. The adder barely misses you.
You furiously retaliate!
You headbutt the adder.
You kill the adder!
You have reached level 3!
Your experience leads to an increase in your attributes!
Increase (S)trength, (I)ntelligence, or (D)exterity?
You feel agile.
It was a potion of haste.
You feel yourself speed up.
You feel sick.
You feel sick.
It was a potion of magic.
Magic courses through your body.
You slash the worm!
The worm is moderately wounded.
You feel sick.
You barely miss the worm.
The worm is moderately wounded.
The worm bites you!
You die...

[.......# ####.... ........#
##........ ........#
###..##..... ........#
##.......#.#. ........#
##....#####.#. ........#
##......<...... . #....%###
#..###......... ..
#####...#####.............<
...#####....(†w@...####.........
.........#.#[##....# #........#
..##...........#### ######>.##
#............. .....
#...#.......... #.#..#
#...##......... #.#..#
#...##.......... #.#.##
#.<.##.#..##).#.. .. .#
##.....#.## #.


You could see a worm.

Vanquished Creatures
  An adder (D:2)
  A leopard gecko (D:1)
  A ball python (D:1)
  2 giant cockroaches (D:2)
  3 goblins
  4 hobgoblins (D:1)
  2 kobolds (D:1)
  A bat (D:2)
  4 frilled lizards
  4 rats
23 creatures vanquished.

Notes
Turn   | Place    | Note
-------+----------+-------------------------------------------
     0 | D:1      | MatthieuS the Minotaur Hunter began the quest for the Orb.
     0 | D:1      | Reached XP level 1. HP: 18/18 MP: 0/0
     9 | D:1      | Found a runed door.
   100 | D:1      | Reached XP level 2. HP: 23/25 MP: 1/1
   278 | D:1      | Reached skill level 1 in Armour
   688 | D:2      | Reached XP level 3. HP: 13/30 MP: 2/2
   693 | D:2      | Slain by a worm

Vault maps used:
D:1:      dpeg_arrival_caged_fury
D:2:      grunt_temple_overflow_open, first_ration

Skill      XL: |  1  2 |
---------------+-------+-----
Armour         | 1 |  1.2
Fighting       | |  2.9
Bows           | |  4.9
Dodging        | |  2.6
Stealth        | |  0.7

Action                   || total
-------------------------++-------
Melee: Short sword       ||    26
       Headbutt          ||     8
       Hand axe          ||    27
 Fire: Shortbow          ||     1
  Use: Potion            ||     2
Armor: Leather armour    ||    10
Dodge: Dodged            ||    37

Table legend:
 A = Spawn XP
 B = Non-spawn XP
 C = Spawn XP percentage of total XP
 D = Spawn monster count
 E = Non-spawn monster count
 F = Spawn count percentage of total count
 G = Total turns spent on level
                    A         B        C        D         E        F      G
               +---------+---------+-------+---------+---------+-------+---------
         Total |       0 |      49 |   0.0 |       0 |      23 |   0.0 |   693
               +---------+---------+-------+---------+---------+-------+---------
           D:1 |       0 |      26 |   0.0 |       0 |      15 |   0.0 |   595
           D:2 |       0 |      23 |   0.0 |       0 |       8 |   0.0 |    98
               +---------+---------+-------+---------+---------+-------+---------
